[Event "Titled Tuesday Blitz June 21 Early 2022"]
[White "Pappelis, Dimitrios"]
[Black "Sarkar, Justin"]
[WhiteFideId "4215281"]
[BlackFideId "2010011"]
[WhiteElo "1998"]
[BlackElo "2020"]
[Result "0-1"]
[Round "05"]
[TimeControl "180+1"]
[Date "2022.06.22"]
[WhiteClock "0:00:03"]
[BlackClock "0:00:13"]

1. e4 e5 2. Nf3 Nc6 3. Bc4 Nf6 4. d4 exd4 5. O-O Nxe4 6. Re1 d5 7. Bxd5 Qxd5 8. Nc3 Qd8 9. Nxe4 Be7 10. Bg5 f6 11. Nxf6+ gxf6 12. Bxf6 O-O 13. Bxe7 Nxe7 14. Nxd4 Nf5 15. Qg4+ Kh8 16. Ne6 Bxe6 17. Rxe6 Qd4 18. Qxd4+ Nxd4 19. Re7 Rac8 20. Kf1 Rfe8 21. Rxe8+ Rxe8 22. Rd1 Nc6 23. Rd7 Re7 24. Rd2 Kg7 25. c3 Kf6 26. g3 Ne5 27. f4 Nc4 28. Rf2 a5 29. Kg2 a4 30. b3 Ne3+ 31. Kh3 a3 32. Re2 b5 33. g4 Nd5 34. g5+ Kf5 35. Rf2 Nxf4+ 36. Kg3 Re3+ 0-1


[Site "https://www.chess.com"]

[Event "Titled Tuesday Blitz June 21 Early 2022"]
[White "Parkhov, Yair"]
[Black "Rosenberg, Evan S"]
[WhiteFideId "2813408"]
[BlackFideId "2019299"]
[WhiteElo "2206"]
[BlackElo "2384"]
[Result "1-0"]
[Round "05"]
[TimeControl "180+1"]
[Date "2022.06.22"]
[WhiteClock "0:01:38"]
[BlackClock "0:00:52"]

1. e4 e6 2. d3 d5 3. Nd2 Nf6 4. Ngf3 Nc6 5. c3 dxe4 6. dxe4 Bc5 7. h3 e5 8. b4 Bxf2+ 9. Kxf2 Nxe4+ 10. Ke1 Nxc3 11. Qb3 Nd5 12. Bc4 Be6 13. Bb2 O-O 14. Rd1 Nf4 15. Ne4 Qf6 16. Bxe6 1-0


[Site "https://www.chess.com"]

[Event "Titled Tuesday Blitz June 21 Early 2022"]
[White "Pein, Jonathan"]
[Black "Ovezdurdyyeva, Jemal"]
[WhiteFideId "417092"]
[BlackFideId "14001888"]
[WhiteElo "2140"]
[BlackElo "1946"]
[Result "1-0"]
[Round "05"]
[TimeControl "180+1"]
[Date "2022.06.22"]
[WhiteClock "0:00:07"]
[BlackClock "0:00:02"]

1. e4 d6 2. Nc3 Nf6 3. d4 g6 4. Bg5 Bg7 5. e5 Nfd7 6. f4 f6 7. Bh4 dxe5 8. dxe5 fxe5 9. f5 Nc6 10. Bd3 Nf8 11. Nf3 Bxf5 12. O-O Bxd3 13. cxd3 h6 14. Qb3 Na5 15. Qa4+ Nc6 16. Qb5 Qd7 17. Ne4 Ne6 18. Nfd2 O-O-O 19. Nb3 a5 20. Nbc5 Nxc5 21. Nxc5 Qd4+ 22. Bf2 Qb4 23. Qxb4 Nxb4 24. Ne6 Rdg8 25. d4 exd4 26. Nxg7 e5 27. Ne6 Re8 28. Nc5 b6 29. Ne4 d3 30. a3 Nc2 31. Rac1 Rhf8 32. Rfd1 Rf4 33. Nd2 e4 34. Bg3 Rg4 35. Nf1 e3 36. Rxd3 e2 37. Rxc2 exf1=Q+ 38. Kxf1 h5 39. Bf2 Rf4 40. Re2 Ref8 41. g3 R4f7 42. Kg2 g5 43. Rde3 Kb7 44. Re7 Rf5 45. Rc2 Rc8 46. b4 axb4 47. axb4 Rb5 48. Rc4 g4 49. Ree4 Rd5 50. Red4 Ka6 51. Rxd5 1-0


[Site "https://www.chess.com"]

[Event "Titled Tuesday Blitz June 21 Early 2022"]
[White "Perez Gormaz, Matias"]
[Black "Leve, Nitai"]
[WhiteFideId "3406342"]
[BlackFideId "2006898"]
[WhiteElo "2341"]
[BlackElo "2144"]
[Result "1/2-1/2"]
[Round "05"]
[TimeControl "180+1"]
[Date "2022.06.22"]
[WhiteClock "0:00:09"]
[BlackClock "0:00:08"]

1. e4 c6 2. d4 d5 3. exd5 cxd5 4. c4 Nf6 5. Nc3 Nc6 6. Nf3 Be6 7. cxd5 Nxd5 8. Bd3 g6 9. O-O Bg7 10. Re1 O-O 11. Be4 Ncb4 12. h3 Rc8 13. Bd2 h6 14. Bxg6 Bxh3 15. Be4 Be6 16. a3 Nxc3 17. bxc3 Nd5 18. Rc1 b5 19. Bd3 a6 20. a4 Qd6 21. axb5 axb5 22. Ne5 b4 23. cxb4 Nxb4 24. Bb1 Qxd4 25. Nf3 Qb2 26. Rxc8 Rxc8 27. Qe2 Nd5 28. Qe4 Nf6 29. Qh4 Ba2 30. Bxa2 Qxa2 31. Bxh6 Qc4 32. Qg5 Qg4 33. Bxg7 Qxg5 34. Nxg5 Kxg7 35. Rxe7 Ng4 36. Nf3 Kf6 37. Re1 Rc2 38. Rf1 Kg6 39. Nd4 Rd2 40. Nf3 Rc2 41. g3 f5 42. Nh4+ Kg5 43. Ng2 Ra2 44. Nf4 Ne5 45. Kg2 Ra3 46. Re1 Ng4 47. Re6 Nf6 48. Rb6 Ra2 49. Ne6+ Kg6 50. Nf4+ Kg7 51. Ne6+ Kf7 52. Nd4 Ne4 53. Kg1 Rxf2 54. Rb7+ Kf6 55. Rb6+ Ke5 56. Nc6+ Kd5 57. Ne7+ Ke5 58. Ng6+ Kd4 59. Nf4 Rc2 60. Rb4+ Ke3 61. Rb3+ Rc3 62. Rxc3+ Nxc3 63. Kg2 Ne4 64. Nd5+ Kd4 65. Ne7 Ke5 66. Ng6+ Kf6 67. Nf4 Kg5 68. Kf3 Nf6 69. Ne6+ Kg6 70. Nd4 Nh5 71. Ne6 Nxg3 72. Kxg3 f4+ 73. Kf3 Kf6 74. Nd4 Kg7 75. Ne2 Kf8 76. Nxf4 1/2-1/2


[Site "https://www.chess.com"]

[Event "Titled Tuesday Blitz June 21 Early 2022"]
[White "Petrova, Irina"]
[Black "Maltsevskaya, Aleksandra"]
[WhiteFideId "14124122"]
[BlackFideId "24174041"]
[WhiteElo "1993"]
[BlackElo "2243"]
[Result "1-0"]
[Round "05"]
[TimeControl "180+1"]
[Date "2022.06.22"]
[WhiteClock "0:00:03"]
[BlackClock "0:00:03"]

1. e4 c5 2. Nf3 e6 3. b3 Nc6 4. Bb2 b6 5. c3 Bb7 6. Bd3 Nf6 7. O-O d5 8. e5 Nd7 9. Re1 Qc7 10. Qe2 g5 11. Bb5 g4 12. Nh4 Be7 13. Qxg4 Ndxe5 14. Bxc6+ Nxc6 15. d4 O-O-O 16. Nd2 Rhg8 17. Qh3 Kb8 18. Nhf3 Rg7 19. dxc5 bxc5 20. b4 c4 21. b5 Na5 22. Nd4 Rdg8 23. g3 e5 24. Nf5 Bc8 25. Nf3 f6 26. Rad1 d4 27. cxd4 c3 28. Rc1 exd4 29. N3xd4 Bb4 30. Ba1 Rg5 31. Qh4 Bxf5 32. Nxf5 Bc5 33. Ne3 Bxe3 34. Rxe3 Rg4 35. Qh5 f5 36. Qxf5 Nc4 37. Re4 Nd6 38. Qxg4 Rxg4 39. Rxg4 Nxb5 40. a4 Nd6 41. Rxc3 Qe7 42. Rb4+ Ka8 43. Rb1 Qe6 44. Rcc1 a6 45. Bd4 Qg6 46. Be3 Qe4 47. Bf4 Nc4 48. Kf1 Qc6 49. Kg1 Qd5 50. Be3 Ne5 51. Rc8# 1-0


[Site "https://www.chess.com"]

[Event "Titled Tuesday Blitz June 21 Early 2022"]
[White "Pham, Le Thao Nguyen"]
[Black "Nguyen, Quoc Hy"]
[WhiteFideId "12401226"]
[BlackFideId "12410853"]
[WhiteElo "2282"]
[BlackElo "1938"]
[Result "1/2-1/2"]
[Round "05"]
[TimeControl "180+1"]
[Date "2022.06.22"]
[WhiteClock "0:00:09"]
[BlackClock "0:00:06"]

1. d4 d5 2. c4 c6 3. Nf3 e6 4. e3 f5 5. Be2 Nf6 6. O-O Bd6 7. b3 Qe7 8. a4 O-O 9. Ba3 Bxa3 10. Nxa3 Bd7 11. Nc2 Be8 12. Ne5 Nbd7 13. Nd3 Bf7 14. f4 Ne4 15. Bf3 Rfd8 16. Qe1 dxc4 17. bxc4 e5 18. Bxe4 fxe4 19. Nxe5 Nxe5 20. fxe5 Bxc4 21. Rf4 Rf8 22. Qc3 Bd3 23. Nb4 Rxf4 24. exf4 Rf8 25. Nxd3 exd3 26. Qxd3 Rxf4 27. Re1 Qe6 28. h3 h6 29. Qe3 Rf8 30. Rb1 Rf7 31. Qb3 Qxb3 32. Rxb3 Rd7 33. Rb4 Kf7 34. Kf2 Ke6 35. Ke3 c5 36. dxc5 Kxe5 37. Re4+ Kd5 38. Rd4+ Kc6 39. Rxd7 Kxd7 40. Ke4 Kc6 41. Kd4 Kc7 42. Kd5 Kd7 43. h4 h5 44. g3 a6 45. Kd4 Kc6 46. Kc4 Kc7 47. Kd4 Kd7 48. Kd5 Kc7 49. Kd4 Kc6 50. Kc4 Kc7 51. Kd5 Kd7 52. Kd4 Kc6 1/2-1/2


[Site "https://www.chess.com"]

[Event "Titled Tuesday Blitz June 21 Early 2022"]
[White "Piesik, Piotr"]
[Black "Eggleston, Thomas A"]
[WhiteFideId "1136194"]
[BlackFideId "412139"]
[WhiteElo "2247"]
[BlackElo "2174"]
[Result "1-0"]
[Round "05"]
[TimeControl "180+1"]
[Date "2022.06.22"]
[WhiteClock "0:01:35"]
[BlackClock "0:01:14"]

1. Nf3 e6 2. g3 f5 3. Bg2 Nf6 4. O-O Be7 5. d3 O-O 6. c4 d6 7. Nc3 Kh8 8. d4 Ne4 9. Qc2 Nxc3 10. bxc3 Bf6 11. e4 fxe4 12. Qxe4 d5 13. Qe2 c5 14. Be3 Nc6 15. Rfd1 Qa5 16. dxc5 Bxc3 17. Rab1 dxc4 18. Qxc4 Bf6 19. Ng5 Ne5 20. Qe4 Qc7 21. Qxh7# 1-0


[Site "https://www.chess.com"]

[Event "Titled Tuesday Blitz June 21 Early 2022"]
[White "Pranesh M"]
[Black "Alexiadis, Hristos"]
[WhiteFideId "35028600"]
[BlackFideId "4249623"]
[WhiteElo "1902"]
[BlackElo "2416"]
[Result "1-0"]
[Round "05"]
[TimeControl "180+1"]
[Date "2022.06.21"]
[WhiteClock "0:01:41"]
[BlackClock "0:01:59"]

1. e4 e5 2. Nf3 Nc6 3. Bc4 Bc5 4. c3 Nf6 5. d4 exd4 6. e5 d5 7. Bb5 Ne4 8. cxd4 Bb6 9. Nc3 O-O 10. O-O Bg4 11. Be3 f6 12. exf6 Rxf6 13. Be2 Nxc3 14. bxc3 Qf8 15. h3 Bf5 16. a4 Re8 17. Qb3 Na5 18. Qxd5+ Be6 19. Qh5 Nc4 20. Ng5 Rh6 21. Nxe6 Rexe6 22. Bxh6 1-0


[Site "https://www.chess.com"]

[Event "Titled Tuesday Blitz June 21 Early 2022"]
[White "Prokofiev, Valentyn"]
[Black "Nesterov, Arseniy"]
[WhiteFideId "14160161"]
[BlackFideId "24198455"]
[WhiteElo "2142"]
[BlackElo "2489"]
[Result "0-1"]
[Round "05"]
[TimeControl "180+1"]
[Date "2022.06.21"]
[WhiteClock "0:02:36"]
[BlackClock "0:02:14"]

1. d4 d5 2. c4 e6 3. Nf3 Nf6 4. e3 c5 5. cxd5 exd5 6. b3 Nc6 7. Bb2 cxd4 8. Nxd4 Bb4+ 9. Nd2 Nxd4 10. Bxd4 Ne4 11. Bb5+ Bd7 12. Bxd7+ Qxd7 13. O-O Nxd2 14. Re1 Ne4 15. Bxg7 Rg8 16. Qd4 Bc3 0-1


[Site "https://www.chess.com"]

[Event "Titled Tuesday Blitz June 21 Early 2022"]
[White "Reprintsev, Alexander"]
[Black "Csonka, Balazs"]
[WhiteFideId "14100541"]
[BlackFideId "742910"]
[WhiteElo "2108"]
[BlackElo "2404"]
[Result "0-1"]
[Round "05"]
[TimeControl "180+1"]
[Date "2022.06.22"]
[WhiteClock "0:00:02"]
[BlackClock "0:00:03"]

1. e4 c5 2. b3 g6 3. Bb2 Nf6 4. e5 Nd5 5. Nc3 Nxc3 6. dxc3 Nc6 7. Qd5 e6 8. Qe4 Bg7 9. f4 Qa5 10. Qe3 O-O 11. a4 f6 12. exf6 Bxf6 13. O-O-O d5 14. Bb5 Bd7 15. Nf3 Qb6 16. h4 Rae8 17. h5 a6 18. Bxc6 Bxc6 19. hxg6 hxg6 20. Ne5 Qc7 21. Nxg6 Rf7 22. Ne5 Rg7 23. Qh3 Rh7 24. Qd3 Qg7 25. Ng4 Rf8 26. Rxh7 Qxh7 27. Qg3 Bg7 28. a5 c4 29. Ba3 Rf5 30. Ne3 Rf6 31. bxc4 Qe4 32. cxd5 exd5 33. Rd4 Qe6 34. f5 Qf7 35. Qb8+ Kh7 36. Rh4+ Rh6 37. Qh2 d4 38. cxd4 Qa2 39. Bb2 Qxa5 40. c3 Qb5 41. Ng4 Qf1+ 42. Kc2 Qe2+ 43. Kb1 Qd1+ 44. Ka2 Bd5+ 45. c4 Bxc4+ 46. Ka3 Qb3# 0-1


[Site "https://www.chess.com"]

[Event "Titled Tuesday Blitz June 21 Early 2022"]
[White "Rohith Krishna S"]
[Black "Kamsky, Gata"]
[WhiteFideId "46617051"]
[BlackFideId "2000024"]
[WhiteElo "2117"]
[BlackElo "2645"]
[Result "1-0"]
[Round "05"]
[TimeControl "180+1"]
[Date "2022.06.21"]
[WhiteClock "0:00:58"]
[BlackClock "0:00:03"]

1. Nf3 Nf6 2. g3 g6 3. Bg2 Bg7 4. O-O O-O 5. c4 c6 6. d4 d5 7. cxd5 cxd5 8. Ne5 e6 9. Nc3 Nfd7 10. Nxd7 Bxd7 11. e3 Qb6 12. a4 Nc6 13. Bd2 Na5 14. b4 Nc4 15. a5 Qxb4 16. Nxd5 Qxd2 17. Ne7+ Kh8 18. Qb3 Nxa5 19. Qa3 Nc6 20. Nxc6 Qe2 21. Ra2 Qb5 22. Rb2 Qa6 23. Qxa6 bxa6 24. Rb7 Bxc6 25. Bxc6 a5 26. Ra1 Rac8 27. Bf3 a6 28. Rxa5 Ra8 29. h4 h5 30. Kg2 Rab8 31. Ra7 Rb6 32. d5 exd5 33. Bxd5 Kg8 34. R5xa6 Rxa6 35. Rxa6 Kh7 36. Ra7 Kg8 37. Rd7 Bf6 38. f4 Kg7 39. e4 Bc3 40. e5 Kg8 41. Kf3 Bb2 42. g4 hxg4+ 43. Kxg4 Bc1 44. Bc4 Be3 45. Kg5 Bc1 46. e6 fxe6 47. Bxe6+ Kh8 48. Kxg6 1-0


[Site "https://www.chess.com"]

[Event "Titled Tuesday Blitz June 21 Early 2022"]
[White "Rom, Jasper"]
[Black "Barria Zuniga, Daniel"]
[WhiteFideId "2023733"]
[BlackFideId "3400816"]
[WhiteElo "2233"]
[BlackElo "2414"]
[Result "1/2-1/2"]
[Round "05"]
[TimeControl "180+1"]
[Date "2022.06.22"]
[WhiteClock "0:00:04"]
[BlackClock "0:00:06"]

1. e4 d5 2. exd5 Qxd5 3. Nc3 Qe5+ 4. Be2 c6 5. Nf3 Qc7 6. d4 Bf5 7. O-O e6 8. Be3 Nf6 9. Qd2 Nbd7 10. Bf4 Bd6 11. Bg3 O-O 12. Rfe1 h6 13. Bf1 Rad8 14. Rad1 Bxg3 15. hxg3 Bh7 16. Bd3 Bxd3 17. Qxd3 a6 18. Qe3 b5 19. Ne5 Nxe5 20. dxe5 Rxd1 21. Rxd1 Ng4 22. Qc5 Nxe5 23. Rd6 Nc4 24. Rxc6 Qd8 25. b3 Qd2 26. bxc4 Qxc3 27. cxb5 Qa1+ 28. Kh2 axb5 29. Ra6 Qb2 30. Ra5 Rb8 31. Qc7 Rf8 32. Qc5 b4 33. Ra4 Rb8 34. Qd6 Rb7 35. Qd8+ Kh7 36. Qd3+ g6 37. Qe4 Rc7 38. Rxb4 Qxc2 39. Qe5 Qc3 40. Qxc3 Rxc3 41. a4 Ra3 42. f3 Kg7 43. g4 Kf6 44. Kg3 Kg5 45. Rb5+ f5 46. a5 h5 47. gxh5 gxh5 48. Rc5 Kf6 49. Rb5 Kg5 50. Rc5 Kf6 51. Kh4 Ra2 52. Kh3 Ra4 53. g3 Kg5 54. f4+ Kf6 55. Rb5 Ra1 56. Kg2 Ra2+ 57. Kf3 Ra3+ 58. Kf2 Ra4 59. Rc5 Ra2+ 60. Ke3 Ra3+ 61. Kd4 Rxg3 62. Kc4 Ra3 63. Kb4 Ra1 64. Rc8 h4 65. Rh8 e5 66. Rh6+ Kg7 67. Rxh4 exf4 68. Rxf4 Kf6 69. Rf2 Kg5 70. Rg2+ Kf4 71. Rf2+ Kg4 72. Rg2+ Kf3 73. Rg5 f4 74. Kb5 Kf2 75. a6 f3 76. Rf5 Rxa6 77. Kxa6 Ke2 78. Kb5 f2 79. Kc4 f1=Q 80. Rxf1 Kxf1 1/2-1/2


[Site "https://www.chess.com"]

[Event "Titled Tuesday Blitz June 21 Early 2022"]
[White "Rostovtsev, Dmitry"]
[Black "Borisova, Ekaterina"]
[WhiteFideId "34278320"]
[BlackFideId "34124184"]
[WhiteElo "2311"]
[BlackElo "2039"]
[Result "0-1"]
[Round "05"]
[TimeControl "180+1"]
[Date "2022.06.21"]
[WhiteClock "0:00:11"]
[BlackClock "0:00:13"]

1. e4 c5 2. Nf3 Nc6 3. Bb5 e6 4. O-O Nge7 5. Re1 a6 6. Bf1 d5 7. exd5 Nxd5 8. d4 Be7 9. c4 Nf6 10. Be3 cxd4 11. Nxd4 Bd7 12. Nb3 O-O 13. Nc3 Qc7 14. Rc1 Rfd8 15. Qf3 Rac8 16. Bf4 Bd6 17. Bg5 Bxh2+ 18. Kh1 Be5 19. Ne4 Nxe4 20. Bxd8 Nxf2+ 21. Qxf2 Rxd8 22. Red1 Ne7 23. Bd3 Bc6 24. Qh4 g6 25. Qf2 Kg7 26. Bb1 Rxd1+ 27. Rxd1 Nf5 28. Bxf5 exf5 29. Nd4 Be4 30. Nf3 Bf6 31. b3 h5 32. Nd2 Bc6 33. Re1 h4 34. Kg1 Qd6 35. Nf3 Qf4 36. Re3 g5 37. Re1 g4 38. Qe3 Qxe3+ 39. Rxe3 gxf3 40. Rd3 fxg2 41. Rh3 f4 0-1


[Site "https://www.chess.com"]

[Event "Titled Tuesday Blitz June 21 Early 2022"]
[White "Rustemov, Alexander"]
[Black "Mortazavi, Ali"]
[WhiteFideId "4119002"]
[BlackFideId "401323"]
[WhiteElo "2748"]
[BlackElo "2339"]
[Result "1-0"]
[Round "05"]
[TimeControl "180+1"]
[Date "2022.06.22"]
[WhiteClock "0:00:23"]
[BlackClock "0:00:03"]

1. d4 Nf6 2. c4 g6 3. Nf3 Bg7 4. g3 O-O 5. Bg2 d6 6. Nc3 Nbd7 7. O-O e5 8. e4 c6 9. h3 Qa5 10. Be3 Nb6 11. Nd2 Qb4 12. a3 Qxb2 13. Ne2 Nfd7 14. Nb3 Nxc4 15. Bc1 Qxa1 16. Nxa1 exd4 17. Nxd4 Nc5 18. Nab3 Ne5 19. f4 Ned3 20. Be3 Re8 21. Qc2 a5 22. Nxc5 Nxc5 23. e5 dxe5 24. Nxc6 Nd7 25. Nxe5 Nxe5 26. fxe5 Be6 27. Bxb7 Rad8 28. Bc6 Rc8 29. Qg2 Red8 30. Bb6 Rd3 31. a4 Bxe5 32. Bf2 Rc3 33. Bd5 Bf5 34. g4 Bd3 35. Re1 Rc1 36. Qf3 Rxe1+ 37. Bxe1 Bd4+ 38. Bf2 Rc1+ 39. Kg2 Bf1+ 40. Kh2 Be5+ 41. Bg3 Rc2+ 42. Kg1 1-0


[Site "https://www.chess.com"]

[Event "Titled Tuesday Blitz June 21 Early 2022"]
[White "Sadhwani, Raunak"]
[Black "Riehle, Marco"]
[WhiteFideId "35093487"]
[BlackFideId "12904392"]
[WhiteElo "2616"]
[BlackElo "2462"]
[Result "1-0"]
[Round "05"]
[TimeControl "180+1"]
[Date "2022.06.21"]
[WhiteClock "0:00:19"]
[BlackClock "0:00:21"]

1. e4 e5 2. Nf3 Nf6 3. Nxe5 Nxe4 4. Qe2 Qe7 5. Qxe4 d6 6. d4 dxe5 7. dxe5 Nc6 8. Bf4 g5 9. Bg3 f5 10. Qa4 f4 11. Be2 Qb4+ 12. Qxb4 Bxb4+ 13. c3 Ba5 14. Nd2 Nxe5 15. O-O-O Bf5 16. Nb3 Bb6 17. Rd5 O-O 18. Rxe5 fxg3 19. fxg3 Rae8 20. Bc4+ Kg7 21. Rhe1 Rxe5 22. Rxe5 Bg6 23. Nd4 Rf2 24. Re2 Rf1+ 25. Kd2 Rb1 26. Ke3 a5 27. a3 Bh5 28. Rd2 Bg6 29. g4 h6 30. h3 Bc5 31. Bd3 Bxd3 32. Kxd3 Kf6 33. Rf2+ Kg6 34. Re2 b6 35. Nf3 Kf6 36. b4 Bd6 37. Kc2 Ra1 38. Kb2 Rf1 39. Nd2 Rg1 40. bxa5 bxa5 41. a4 Rd1 42. Nc4 Rd5 43. Rd2 Rc5 44. Nxd6 cxd6 45. Rxd6+ Ke5 46. Rxh6 Kf4 47. Rh5 Re5 48. h4 Re2+ 49. Kb3 gxh4 50. Rxh4 Rxg2 51. Rh5 Kxg4 52. Rxa5 Kf4 53. Rc5 Ke4 54. a5 Rg1 55. Ka4 Ra1+ 56. Kb5 Rb1+ 57. Kc6 Ra1 58. Kb6 Rb1+ 59. Rb5 Rh1 60. a6 Rh6+ 61. Ka5 1-0


[Site "https://www.chess.com"]

[Event "Titled Tuesday Blitz June 21 Early 2022"]
[White "Sadykov, Ramil"]
[Black "Vifleemskaia, Svetlana"]
[WhiteFideId "24113590"]
[BlackFideId "4129490"]
[WhiteElo "2226"]
[BlackElo "1929"]
[Result "1-0"]
[Round "05"]
[TimeControl "180+1"]
[Date "2022.06.22"]
[WhiteClock "0:01:23"]
[BlackClock "0:00:01"]

1. e4 e5 2. Nf3 Nc6 3. Bc4 Nf6 4. d3 Be7 5. O-O O-O 6. c3 d5 7. exd5 Nxd5 8. Re1 Nb6 9. Bb3 Bd6 10. Nbd2 Bg4 11. Ne4 Bh5 12. Ng3 Bg6 13. Bg5 Qd7 14. Nh4 Kh8 15. Nxg6+ hxg6 16. Ne4 Na5 17. Bc2 Be7 18. Qf3 Bxg5 19. Nxg5 f6 20. Ne4 c6 21. b4 Qd5 22. bxa5 Qxa5 23. Qh3+ Kg8 24. Bb3+ Nd5 25. c4 Nf4 26. c5+ Nd5 27. Bxd5+ cxd5 28. Qe6+ Kh7 29. Qxd5 Qc7 30. Rab1 Rab8 31. Re3 g5 32. Nd6 Kg6 33. Qe4+ f5 34. Qxe5 Rf6 35. h4 b6 36. hxg5 1-0


[Site "https://www.chess.com"]

[Event "Titled Tuesday Blitz June 21 Early 2022"]
[White "Sailer, Mike"]
[Black "De Souza, Cristiano Gomes"]
[WhiteFideId "2012901"]
[BlackFideId "2151758"]
[WhiteElo "2109"]
[BlackElo "2068"]
[Result "1/2-1/2"]
[Round "05"]
[TimeControl "180+1"]
[Date "2022.06.22"]
[WhiteClock "0:00:03"]
[BlackClock "0:00:17"]

1. d4 Nf6 2. Nf3 g6 3. Bf4 d6 4. e3 Bg7 5. Be2 h6 6. O-O Nh5 7. Bg3 Nd7 8. c4 O-O 9. Nc3 c6 10. Rb1 a5 11. a3 Qe8 12. b4 axb4 13. axb4 f5 14. b5 Nxg3 15. hxg3 g5 16. Na4 Nf6 17. c5 Ne4 18. Qc2 Rxa4 19. Qxa4 Nc3 20. Qc2 Nxb1 21. Rxb1 dxc5 22. Qxc5 Be6 23. Bc4 Qd7 24. Bxe6+ Qxe6 25. bxc6 bxc6 26. Rb7 Bf6 27. Ne5 Bxe5 28. dxe5 Kf7 29. Rc7 Rc8 30. Rxc8 Qxc8 31. f4 Qe6 32. Qc2 Kg6 33. g4 h5 34. gxf5+ Qxf5 35. Qxc6+ Kh7 36. Qf3 gxf4 37. exf4 Kg6 38. Qg3+ Kf7 39. Kh2 Qe4 40. Qb3+ Kf8 41. Qf3 Qxf3 42. gxf3 Kg7 43. Kg3 Kg6 44. Kh4 Kf5 45. Kxh5 Kxf4 46. e6 Kf5 47. Kh4 Kxe6 48. Kg5 Ke5 49. f4+ Ke6 50. f5+ Ke5 51. Kg6 Kf4 52. Kf7 Kxf5 53. Kxe7 1/2-1/2


[Site "https://www.chess.com"]

[Event "Titled Tuesday Blitz June 21 Early 2022"]
[White "Samaganova, Aleksandra"]
[Black "Dhanush, Bharadwaj"]
[WhiteFideId "13800221"]
[BlackFideId "25058746"]
[WhiteElo "1864"]
[BlackElo "2291"]
[Result "0-1"]
[Round "05"]
[TimeControl "180+1"]
[Date "2022.06.22"]
[WhiteClock "0:00:02"]
[BlackClock "0:00:40"]

1. c4 g6 2. Nc3 Bg7 3. g3 Nf6 4. Bg2 d6 5. e3 O-O 6. Nge2 Nc6 7. O-O e5 8. a3 Be6 9. Nd5 Bxd5 10. cxd5 Ne7 11. e4 Nd7 12. d3 f5 13. f4 Nc5 14. Be3 exf4 15. gxf4 Bxb2 16. Ra2 Bg7 17. Bxc5 dxc5 18. Qb3 Kh8 19. Qxb7 fxe4 20. dxe4 g5 21. Rc2 gxf4 22. Nxf4 Qd6 23. Ne6 Rxf1+ 24. Bxf1 Rg8 25. Rg2 Bd4+ 26. Kh1 Rxg2 27. Bxg2 c4 28. Ng5 Qf4 29. Qc8+ Ng8 30. Qf5 Qxf5 31. exf5 Nf6 32. Ne4 c3 33. Nc5 Bxc5 0-1


[Site "https://www.chess.com"]

[Event "Titled Tuesday Blitz June 21 Early 2022"]
[White "Samunenkov, Ihor"]
[Black "Svane, Frederik"]
[WhiteFideId "14187086"]
[BlackFideId "12923044"]
[WhiteElo "2409"]
[BlackElo "2459"]
[Result "0-1"]
[Round "05"]
[TimeControl "180+1"]
[Date "2022.06.21"]
[WhiteClock "0:00:03"]
[BlackClock "0:00:07"]

1. e4 c5 2. Nf3 e6 3. d4 cxd4 4. Nxd4 Nc6 5. Nc3 a6 6. Nxc6 bxc6 7. Bd3 d5 8. O-O Nf6 9. Qe2 Be7 10. Bd2 O-O 11. Kh1 Bb7 12. f4 c5 13. e5 c4 14. Bxc4 dxc4 15. exf6 Bxf6 16. Be3 Qc7 17. Rad1 Rad8 18. Kg1 Qc6 19. Rxd8 Rxd8 20. Rd1 Rb8 21. Bd4 Bxd4+ 22. Rxd4 Rc8 23. Qd2 h6 24. h3 Kh7 25. Kh2 Rc7 26. Ne4 Qb6 27. c3 Bd5 28. Qc2 Kg8 29. Nd2 Qc6 30. Nf1 f5 31. Ne3 Be4 32. Qf2 Qb6 33. Qd2 Bd3 34. b3 cxb3 35. axb3 Be4 36. b4 Qc6 37. c4 e5 38. fxe5 Qe6 39. c5 Qxe5+ 40. Kg1 Rb7 41. Nc4 Qf6 42. Nd6 Re7 43. Nxe4 fxe4 44. c6 e3 45. Rd8+ Kh7 46. Qd3+ g6 47. Rd7 Qa1+ 48. Kh2 Qe5+ 49. g3 e2 50. Rxe7+ Qxe7 51. Qd7 e1=Q 52. Qxe7+ Qxe7 53. c7 Qxc7 0-1


[Site "https://www.chess.com"]

[Event "Titled Tuesday Blitz June 21 Early 2022"]
[White "Sanchez, Robert"]
[Black "Hoffmann, Asa"]
[WhiteFideId "2034360"]
[BlackFideId "2001470"]
[WhiteElo "2010"]
[BlackElo "2117"]
[Result "0-1"]
[Round "05"]
[TimeControl "180+1"]
[Date "2022.06.22"]
[WhiteClock "0:00:02"]
[BlackClock "0:00:23"]

1. e4 d6 2. d4 Nf6 3. Nc3 c6 4. f3 Nbd7 5. Be3 e5 6. Qd2 Qc7 7. O-O-O Be7 8. g4 h6 9. h4 b5 10. Kb1 Nb6 11. Bd3 Be6 12. Nh3 a6 13. g5 Nfd7 14. gxh6 gxh6 15. dxe5 Nxe5 16. Bxh6 Nxf3 17. Qf4 Nxh4 18. Ng5 Ng6 19. Nxe6 fxe6 20. Qg4 Ne5 21. Qxe6 Qd7 22. Qb3 O-O-O 23. a4 Nbc4 24. axb5 axb5 25. Ne2 Qa7 26. Bxc4 Nxc4 27. Nd4 Kd7 28. Qh3+ Kc7 29. Ne6+ Kb6 30. Nxd8 Rxd8 31. Be3+ c5 32. Qg2 Ra8 33. Bxc5+ dxc5 34. Rh6+ Bd6 35. Rdxd6+ Nxd6 36. Kc1 Qa1+ 37. Kd2 Rd8 38. e5 Qxb2 39. exd6 Qd4+ 40. Ke2 Rxd6 41. Rxd6+ Qxd6 42. Qa8 c4 43. Qe8 Kc5 44. Qc8+ Qc6 45. Qf8+ Qd6 46. Qc8+ Kd5 47. Qa8+ Ke5 48. Qb7 Qd5 49. Qc7+ Ke4 0-1


[Site "https://www.chess.com"]

[Event "Titled Tuesday Blitz June 21 Early 2022"]
[White "Sapunov, Evgeny"]
[Black "D`Arruda, Ricardo D."]
[WhiteFideId "4126661"]
[BlackFideId "100692"]
[WhiteElo "2470"]
[BlackElo "2510"]
[Result "1-0"]
[Round "05"]
[TimeControl "180+1"]
[Date "2022.06.22"]
[WhiteClock "0:00:32"]
[BlackClock "0:00:04"]

1. c4 e5 2. Nf3 Nc6 3. Nc3 Nf6 4. e3 d6 5. Qc2 Be7 6. a3 O-O 7. b4 Bg4 8. Be2 a5 9. b5 Nb8 10. O-O Nbd7 11. d4 exd4 12. exd4 Re8 13. h3 Bh5 14. Bf4 Bf8 15. Rfe1 Bg6 16. Bd3 Nb6 17. Bxg6 hxg6 18. Qd3 Qd7 19. a4 Qf5 20. Qxf5 gxf5 21. Nd2 g6 22. g3 Bg7 23. Kf1 Ne4 24. Ncxe4 fxe4 25. Be3 f5 26. Ra2 Kf7 27. h4 Bf6 28. Rc1 Rac8 29. Ke2 Nd7 30. Rac2 c6 31. Nb3 b6 32. c5 dxc5 33. dxc5 bxc5 34. Nxc5 Nxc5 35. Rxc5 Re6 36. b6 Ke7 37. Rxa5 Kd6 38. Rd1+ Ke7 39. Ra7+ Ke8 40. Bf4 Bd8 41. b7 1-0


[Site "https://www.chess.com"]

[Event "Titled Tuesday Blitz June 21 Early 2022"]
[White "Sarana, Alexey"]
[Black "Mahdavi, Reza"]
[WhiteFideId "24133795"]
[BlackFideId "12595926"]
[WhiteElo "2666"]
[BlackElo "2265"]
[Result "1-0"]
[Round "05"]
[TimeControl "180+1"]
[Date "2022.06.21"]
[WhiteClock "0:00:28"]
[BlackClock "0:00:59"]

1. d4 Nf6 2. c4 g6 3. Nc3 Bg7 4. e4 d6 5. Be2 O-O 6. Be3 c5 7. d5 e6 8. Nf3 exd5 9. cxd5 Bg4 10. Nd2 Bxe2 11. Qxe2 Nbd7 12. O-O a6 13. a4 Re8 14. h3 Rb8 15. Bf4 Ne5 16. a5 Nh5 17. Bh2 b5 18. axb6 Qxb6 19. Bxe5 Bxe5 20. Nc4 Qb4 21. Nxe5 Rxe5 22. Rxa6 Qxb2 23. Rb1 Qxc3 24. Rxb8+ Kg7 25. Rxd6 Qc1+ 26. Kh2 Qf4+ 27. g3 Rxe4 28. Qb2+ Qe5 29. Rdd8 Rd4 30. Rg8+ Kh6 31. Qc1+ g5 32. Qxc5 Rd2 33. Qf8+ Ng7 34. Rb6+ Kh5 35. Qxf7# 1-0


[Site "https://www.chess.com"]

[Event "Titled Tuesday Blitz June 21 Early 2022"]
[White "Shton, Roman"]
[Black "Mitrovic, Darko R"]
[WhiteFideId "14137461"]
[BlackFideId "927023"]
[WhiteElo "2013"]
[BlackElo "2150"]
[Result "1-0"]
[Round "05"]
[TimeControl "180+1"]
[Date "2022.06.22"]
[WhiteClock "0:01:43"]
[BlackClock "0:00:01"]

1. d4 Nf6 2. Nf3 b6 3. g3 Bb7 4. Bg2 c5 5. dxc5 bxc5 6. c4 g6 7. Nc3 Bg7 8. Be3 d6 9. Qb3 Bc6 10. O-O O-O 11. Rfd1 Qc8 12. Nh4 Bxg2 13. Nxg2 Nc6 14. f3 Rb8 15. Qc2 Nd4 16. Bxd4 cxd4 17. Rxd4 Nd7 18. Re4 e6 19. Rd1 Nf6 20. Red4 Rd8 21. Ne3 Qc5 22. Na4 Qe5 23. Kf2 d5 24. cxd5 exd5 25. Ng4 Nxg4+ 26. Rxg4 Re8 27. Qd3 Rbd8 28. Nc5 f5 29. Ra4 Qxb2 30. Rxa7 Qb6 31. Rxg7+ Kxg7 32. Qd4+ Kg8 33. a4 1-0


[Site "https://www.chess.com"]